 Dungeon Crawl Stone Soup version 0.26-b1-32-g5d43845318 (webtiles) character file.

Game seed: 18215518429880788303

7674 MajorAdolf the Skirmisher (level 11, -1/103 HPs)
             Began as a Naga Wanderer on Jan 10, 2021.
             Was an Initiate of Gozag.
             Slain by a warg (11 damage)
             ... on level 10 of the Dungeon.
             The game lasted 00:25:13 (15398 turns).

MajorAdolf the Skirmisher (Naga Wanderer)          Turns: 15398, Time: 00:25:14

Health: -1/103     AC: 15    Str: 17    XL:     11   Next: 18%
Magic:  11/11      EV:  2    Int: 11    God:    Gozag
Gold:   939        SH: 14    Dex: 13    Spells: 10/10 levels left

rFire    + . .     SeeInvis +   E - +0 hand axe (venom)
rCold    . . .     Faith    .   p - +0 tower shield
rNeg     . . .     Spirit   .   g - +2 plate armour {rF+}
rPois    +         Reflect  .   o - +0 helmet
rElec    .         Harm     .   n - scarf {shadows}
rCorr    .         Rampage  .   y - +0 pair of gloves
Will     +....                  (no barding)
Stlth    ..........             (no amulet)
HPRegen  0.27/turn              (no ring)
MPRegen  0.12/turn              (no ring)

@: studying Stealth, very slow
A: large, see invisible, deformed body, poison resistance, slowness 2, spit
poison 1, AC +3
a: Spit Poison, Renounce Religion, Potion Petition, Call Merchant, Bribe Branch


You were on level 10 of the Dungeon.
You worshipped Gozag.
Gozag was pleased with you.
You visited 2 branches of the dungeon, and saw 12 of its levels.

You collected 1498 gold pieces.
You spent 480 gold pieces at shops.
You paid 79 gold pieces to Gozag.

Inventory:

Hand Weapons
 E - a +0 hand axe of venom (weapon)
Armour
 g - a +2 plate armour of fire resistance (worn)
 n - a scarf of shadows (worn)
 o - a +0 helmet (worn)
 p - a +0 tower shield (worn)
 y - a +0 pair of gloves (worn)
Jewellery
 F - an uncursed ring of magical power {unknown}
 G - an uncursed amulet of regeneration {unknown}
Wands
 e - a wand of flame (16) (quivered)
 r - a wand of acid (13)
 w - a wand of iceblast (9)
 z - a wand of polymorph (12)
 A - a wand of random effects (15)
 C - a wand of enslavement (7)
 D - a wand of disintegration (10)
Scrolls
 a - a scroll of fog
 f - a scroll of silence {unknown}
 h - 4 scrolls of identify
 j - 5 scrolls of remove curse
 l - 2 scrolls of random uselessness
 m - 2 scrolls of enchant weapon
 s - a scroll of teleportation
 u - a scroll of amnesia
Potions
 b - 3 potions of lignification
 c - 5 potions of curing
 i - 5 potions of flight
 k - 3 potions of haste
 q - 2 potions of heal wounds
 t - a potion of attraction
 v - 2 potions of invisibility {unknown}
 x - a potion of might
 B - 3 potions of magic
Books
 d - a manual of Stealth


   Skills:
 + Level 7.8 Fighting
 - Level 1.0 Short Blades
 + Level 6.5 Axes
 + Level 5.9 Armour
 + Level 6.2 Dodging
 - Level 3.0 Stealth
 + Level 5.2 Shields
 + Level 7.2 Evocations


You had 10 spell levels left.
You didn't know any spells.
Your spell library contained the following spells:

 Spells                   Type           Power        Failure   Level
 Animate Skeleton         Necr           0%           100%        1
 Corona                   Hex            0%           100%        1
 Magic Dart               Conj           0%           100%        1
 Pain                     Necr           0%           100%        1
 Ensorcelled Hibernation  Hex/Ice        0%           100%        2
 Searing Ray              Conj           0%           100%        2
 Confusing Touch          Hex            0%           100%        3
 Dazzling Flash           Conj/Hex       0%           100%        3
 Gell's Gravitas          Tloc           0%           100%        3
 Tukima's Dance           Hex            0%           100%        3
 Vampiric Draining        Necr           0%           100%        3
 Animate Dead             Necr           0%           100%        4
 Fulminant Prism          Conj/Hex       0%           100%        4
 Iskenderun's Mystic Bla  Conj/Tloc      0%           100%        4
 Petrify                  Tmut/Erth      0%           100%        4
 Agony                    Necr           0%           100%        5
 Metabolic Englaciation   Hex/Ice        0%           100%        5
 Yara's Violent Unravell  Hex/Tmut       0%           100%        5


Dungeon Overview and Level Annotations

Branches:
Dungeon (11/15)            Temple (1/1) D:6            Lair (0/6) D:10
    Orc (0/2) D:11

Altars:
Ashenzari
Cheibriados
Dithmenos
Elyvilon
Fedhas
Gozag
Hepliaklqana
Kikubaaqudgha
Makhleb
Okawaru
Qazlal
Ru
Sif Muna
Trog
Uskayaw
Vehumet
Wu Jian
Xom
Yredelemnul
The Shining One
Lugonu

Shops:
D:4 [:


Innate Abilities, Weirdness & Mutations

You cannot wear boots.
Your serpentine skin is tough. (AC +3)
You have supernaturally acute eyesight. (SInv)
Armour fits poorly on your strangely shaped body.
Your system is resistant to poisons. (rPois)
You cover ground very slowly.
You can spit poison.


Message History

Your shield prevents you from hitting the warg.
The warg is severely wounded.
The warg bites you but does no damage.
You closely miss the warg.
The warg is severely wounded.
The warg bites you but does no damage.
You closely miss the warg.
The warg is almost dead.
The warg bites you.
* * * LOW HITPOINT WARNING * * *
The warg bites you!
* * * LOW HITPOINT WARNING * * *
You hit the warg but do no damage.
The warg is almost dead.
The warg bites you but does no damage.
You miss the warg.
The warg is almost dead.
The warg bites you!
You die...
Your body crumbles into a pile of gold.

#.....#...#.....#...####'##......
#..##.#...'.##..#.........#.....)
#.....#...#.##..#.........#.###.)
#.....#...#.....#.........#.###..
#.....#####.....#######'###.^..).
#................................
#................................
..###........#.h.........#.......
.............#..@....8...........
.......###...#...................
.............#...................
.................................
#################################


You could see a warg (poisoned).

Vanquished Creatures
  Pikel (D:8)
  A centaur zombie (D:10)
  A wyvern (D:10)
  Grum (D:8)
  5 yaks
  A warg (D:11)
  5 water moccasins
  2 black bears (D:10)
  3 orc warriors
  8 ogres
  2 ice beasts
  5 necrophages (D:10)
  A centaur (D:6)
  A phantom (D:7)
  4 wolves (D:7)
  Blork the orc (D:5)
  13 bullfrogs
  A wyvern zombie (D:10)
  8 scorpions
  2 jellies
  4 killer bees (D:10)
  3 wights (D:10)
  2 howler monkeys
  A bullfrog zombie (D:10)
  4 orc wizards
  A quasit (D:10)
  5 hounds
  A bullfrog skeleton (D:10)
  3 orc priests
  A gnoll shaman (D:10)
  A centaur skeleton (D:9)
  Natasha (thrice) (D:2)
  An iguana (D:6)
  7 worker ants
  A hound skeleton (D:7)
  A howler monkey zombie (D:7)
  Robin (D:3)
  3 worker ant zombies
  3 gnolls (D:10)
  15 adders
  A shadow imp (D:7)
  2 white imps
  3 ufetubi
  2 oozes
  3 adder zombies
  3 worms
  3 dart slugs
  8 leopard geckos
  24 orcs
  3 ball pythons (D:1)
  3 giant cockroaches
  17 goblins
  6 hobgoblins
  9 jackals
  4 quokkas
  9 bats
  7 frilled lizards
  8 kobolds
  A leopard gecko skeleton (D:4)
  8 rats
251 creatures vanquished.

Vanquished Creatures (others)
  An adder (D:11)
  48 fungi (D:10)
  46 plants
  2 withered plants (D:10)
97 creatures vanquished.

Grand Total: 348 creatures vanquished

Notes
Turn   | Place    | Note
-------+----------+-------------------------------------------
     0 | D:1      | MajorAdolf the Naga Wanderer began the quest for the Orb.
     0 | D:1      | MajorAdolf set off with the following items: a +0 club, a
                  | potion of lignification, a potion of curing, a +0 robe, a
                  | wand of flame (15), a +0 dagger
     0 | D:1      | Reached XP level 1. HP: 21/21 MP: 1/1
   518 | D:1      | Reached XP level 2. HP: 28/28 MP: 2/2
   967 | D:1      | Reached skill level 1 in Armour
  1042 | D:1      | Reached XP level 3. HP: 34/34 MP: 3/3
  2202 | D:2      | Reached XP level 4. HP: 44/44 MP: 4/4
  2495 | D:2      | Found a shimmering blue altar of Sif Muna.
  2601 | D:2      | Noticed Natasha
  2605 | D:2      | Killed Natasha
  2808 | D:2      | Reached XP level 5. HP: 19/50 MP: 5/5
  3221 | D:2      | Noticed Natasha
  3224 | D:2      | Killed Natasha
  3287 | D:2      | Noticed Natasha
  3300 | D:2      | Killed Natasha
  4469 | D:3      | Noticed Robin
  4488 | D:3      | Killed Robin
  4843 | D:3      | Found an opulent altar of Gozag.
  4854 | D:3      | Found an iron altar of Okawaru.
  5065 | D:3      | Reached XP level 6. HP: 57/57 MP: 6/6
  5298 | D:3      | Found a snail-covered altar of Cheibriados.
  5464 | D:4      | Reached skill level 1 in Axes
  5821 | D:4      | Found Usmus's Armour Boutique.
  5824 | D:4      | Found an ancient bone altar of Kikubaaqudgha.
  6030 | D:4      | Reached skill level 1 in Shields
  6030 | D:4      | Reached XP level 7. HP: 66/66 MP: 7/7
  6042 | D:4      | Found Pakaw's Book Boutique.
  6045 | D:4      | Found a shadowy altar of Dithmenos.
  6279 | D:5      | Entered Level 5 of the Dungeon
  6878 | D:5      | Found a white marble altar of Elyvilon.
  6892 | D:5      | Found a broken altar of Ashenzari.
  6897 | D:5      | Noticed Blork the orc
  6918 | D:5      | Killed Blork the orc
  6919 | D:5      | Reached skill level 5 in Fighting
  7691 | D:5      | Found a shimmering altar of Xom.
  7703 | D:5      | Reached XP level 8. HP: 74/74 MP: 8/8
  7946 | D:6      | Found a staircase to the Ecumenical Temple.
  7960 | Temple   | Entered the Ecumenical Temple
  8136 | D:3      | Became a worshipper of Gozag Ym Sagoz the Greedy
  8899 | D:6      | Reached XP level 9. HP: 75/82 MP: 9/9
  9247 | D:7      | Reached skill level 5 in Evocations
 10184 | D:8      | Noticed Pikel
 10209 | D:8      | Killed Pikel
 10210 | D:8      | Reached skill level 5 in Dodging
 10637 | D:4      | Bought a +2 plate armour of fire resistance for 480 gold
                  | pieces
 10705 | D:8      | Noticed Grum
 10727 | D:7      | Reached skill level 5 in Axes
 10730 | D:7      | HP: 4/127 [wolf[Grum] (5)]
 10737 | D:7      | Reached XP level 10. HP: 7/92 MP: 10/10
 11295 | D:8      | You fall into a shaft and drop 1 floor!
 11633 | D:8      | Killed Grum
 11771 | D:8      | Found a burning altar of Makhleb.
 11981 | D:8      | Reached skill level 5 in Armour
 12446 | D:9      | Found a hide-covered altar of Uskayaw.
 13216 | D:10     | Entered Level 10 of the Dungeon
 14089 | D:10     | Found a stormy altar of Qazlal.
 14138 | D:10     | Reached skill level 5 in Shields
 14205 | D:10     | Reached XP level 11. HP: 92/100 MP: 11/11
 14873 | D:10     | Found a hide-covered altar of Uskayaw.
 14875 | D:10     | Found a staircase to the Lair.
 15343 | D:11     | Found a staircase to the Orcish Mines.
 15398 | D:10     | Slain by a warg

Illustrated notes

Levels and vault maps discovered:
D:1:      kilobyte_arrival_exit_the_forest, layout_rooms
D:2:      layout_loops_ring, lemuel_blue_sif_altar, nrook_uturn, uniq_natasha
D:3:      layout_loops_ring, lemuel_coloured_pillars_altar,
          amethyst_overflow_temple_binary, kennysheep_generic_room_14,
          uniq_robin
D:4:      layout_loops_ring, overflow_temple_1_default,
          nicolae_overflow_hidden_temple, serial_shops, shop, shop_statue,
          hangedman_feature_mirror, minmay_manual_mail
D:5:      layout_basic, xom_butterflies, gammafunk_temple_overflow_wave,
          uniq_blork_the_orc
D:6:      layout_rooms, minmay_temple_entry_arrows,
          chequers_serial_rivers_small_b, corexii_item_surrounded_by_moat,
          hangedman_abyss_or_decor_stabs, minivault_23,
          corexii_mini_fake_secret_closet
D:7:      layout_cave_pools, kennysheep_cluttered_room
D:8:      layout_loops_ring, old_standard_altar, uniq_pikel, uniq_grum
D:9:      layout_grid_maze, marbit_many_paths,
          nemelex_xobeh_ov_fountains_minmay, kennysheep_mini
D:10:     layout_stronghold, due_lair_maze_entry_diamond, basic_altar,
          serial_undead, serial_undead_f, serial_undead_b, serial_undead_d,
          serial_undead_c, serial_undead_d, serial_undead_f, serial_undead_e,
          roderic_roman_lattice, grunt_qazlal_sundering
D:11:     lemuel_flame_loot_2, layout_basic, minmay_orc_entry_guard_dogs
Temple:   corrupted_temple

Skill      XL: |  1  2  3  4  5  6  7  8  9 10 11 |
---------------+----------------------------------+-----
Dodging        | 2 3 4 5 6 |  6.2
Armour         | 1 2 3 4 5 |  5.9
Fighting       | 4 5 6 7 |  7.8
Evocations     | 3 4 5 6 7 |  7.2
Axes           | 1 2 3 5 6 |  6.5
Shields        | 1 2 4 5 |  5.2
Short Blades   | |  1.0
Stealth        | |  3.0

Action                   |  1- 3 |  4- 6 |  7- 9 | 10-12 || total
-------------------------+-------+-------+-------+-------++-------
Melee: Dagger            |    78 |   173 |   513 |   203 ||   967
       Club              |     8 |       |       |       ||     8
       Hand axe          |       |       |       |   384 ||   384
 Abil: Spit Poison       |    26 |    25 |     4 |     8 ||    63
Evoke: Wand              |     2 |     1 |     3 |       ||     6
  Use: Potion            |       |     2 |     2 |     1 ||     5
       Scroll            |       |       |    13 |     3 ||    16
 Stab: Sleeping          |     5 |     6 |     3 |       ||    14
       Distracted        |       |     1 |     1 |     1 ||     3
Armor: Robe              |    18 |    36 |       |       ||    54
       Skin              |       |     8 |    19 |       ||    27
       Ring mail         |       |    17 |   220 |       ||   237
       Plate armour      |       |       |    13 |   350 ||   363
Dodge: Dodged            |    75 |    76 |   117 |    31 ||   299
Block: Tower shield      |       |    22 |   401 |   437 ||   860
